 Dungeon Crawl Stone Soup version 0.21.1-1-g345015f (webtiles) character file.

396 shakethe the Chopper (level 6, -13/37 HPs)
             Began as a Gargoyle Fighter on Feb 14, 2018.
             Mangled by an ogre
             ... wielding a +0 giant spiked club
              (23 damage)
             ... on level 4 of the Dungeon.
             The game lasted 00:05:01 (2753 turns).

shakethe the Chopper (Gargoyle Fighter)             Turns: 2753, Time: 00:05:01

Health: -13/37     AC: 13    Str: 19    XL:     6   Next: 82%
Magic:  6/6        EV:  5    Int: 11    God:
Gold:   188        SH:  9    Dex:  9    Spells: 5/5 levels left

rFire    . . .     SeeInvis .   a - +0 war axe
rCold    . . .     Gourm    +   c - +0 shield
rNeg     + . .     Faith    .   o - +0 chain mail
rPois    ∞         Spirit   .   (no helmet)
rElec    +         Reflect  .   (no cloak)
rCorr    .         Harm     .   (no gloves)
MR       .....                  (no boots)
Stlth    ..........             u - amulet of the gourmand {Gourm, !d}
HPRegen  0.12/turn              (no ring)
MPRegen  0.10/turn              (no ring)

@: no status effects
A: negative energy resistance 1, electricity resistance, unbreathing,
petrification resistance, rot immunity, AC +4
a: no special abilities


You were on level 4 of the Dungeon.
You were not hungry.

You visited 1 branch of the dungeon, and saw 4 of its levels.

You collected 188 gold pieces.

Inventory:

Hand Weapons
 a - a +0 war axe (weapon)
Missiles
 i - 73 stones (quivered)
Armour
 c - a +0 shield (worn)
 o - a +0 chain mail (worn)
   (You took it off Terence on level 2 of the Dungeon)
Jewellery
 m - an uncursed ring of protection from cold {unknown}
   (You found it on level 4 of the Dungeon)
 u - an amulet of the gourmand (around neck) {Gourm, !d}
   (You found it on level 3 of the Dungeon)
Wands
 d - a wand of polymorph (7)
   (You took it off Terence on level 2 of the Dungeon)
Scrolls
 h - 3 scrolls of remove curse
 k - a scroll of blinking {!r}
 l - a scroll of enchant weapon {unknown}
 n - a scroll of fear {unknown}
 p - a scroll of amnesia {unknown}
 s - 3 scrolls of teleportation
 t - a scroll of random uselessness {unknown}
 v - a scroll of immolation {unknown}
Potions
 b - a potion of cancellation {unknown}
 e - 5 potions of haste
 g - 4 potions of curing
 j - a potion of lignification {unknown}
 q - a potion of degeneration {unknown}
 r - 2 potions of flight {unknown}
Comestibles
 f - 8 rations


   Skills:
 - Level 3.2 Fighting
 * Level 6.0 Axes
 - Level 3.2 Armour
 - Level 1.6 Dodging
 - Level 0.1 Stealth
 - Level 3.2 Shields


You had 5 spell levels left.
You didn't know any spells.

Dungeon Overview and Level Annotations

Branches:
Dungeon (4/15)
 Temple: D:4-7

Altars:
Gozag
Makhleb
Sif Muna


Innate Abilities, Weirdness & Mutations

You are resistant to torment.
Your stone body is resilient. (AC +4)
You are immune to poison.
You resist negative energy. (rN+)
You are resistant to electric shocks. (rElec)
You can survive without breathing.
You are immune to petrification.
You are immune to rotting.


Message History

No target in view!
No target in view!
No target in view!
No target in view!
No target in view!
No target in view!
No target in view!
No target in view!
Found a stone staircase leading down.
No target in view!
No target in view!
No target in view!
No target in view!
No target in view!
You now have 185 gold pieces (gained 7).
m - a peridot ring No target in view!
No target in view!
No target in view!
No target in view!
No target in view!
No target in view!
No target in view!
No target in view!
No target in view!
A worker ant comes into view.
The worker ant twitches its antennae in your direction.
You see here 2 potions of haste.
The worker ant bites you.
You take 2 damage, and have 35/37 hp.
Your shield and chain mail prevent you from hitting the worker ant.
You block the worker ant's attack.
You closely miss the worker ant.
The worker ant bites you but does no damage. x2
You slash the worker ant!
The worker ant bites you but does no damage.
You slash the worker ant!
You kill the worker ant!
Your Axes skill increases to level 6!
No target in view!
e - 4 potions of haste (gained 2) Health restored: 37
Found an opulent altar of Gozag.
A jackal skeleton comes into view.
You slash the jackal skeleton!
You destroy the jackal skeleton!
You are near starving!
You eat one of the 8 rations.
That ration really hit the spot!
e - 5 potions of haste (gained 1)
A worm comes into view.
You slash the worm! You slash the worm!
You kill the worm!
No target in view!
No target in view!
No target in view!
No target in view!
No target in view!
No target in view!
No target in view!
No target in view!
No target in view!
No target in view!
No target in view!
No target in view!
No target in view!
No target in view!
No target in view!
You now have 188 gold pieces (gained 3).
f - 8 rations (gained 1)
s - 3 scrolls of teleportation (gained 1)
An ogre comes into view. It is wielding a giant spiked club.
The ogre shouts!
The ogre moves out of view.
No target in view!
No target in view!
No target in view!
No target in view!
No target in view!
No target in view!
No target in view!
A worker ant comes into view.
The worker ant twitches its antennae in your direction.
The ogre hits you with a giant spiked club!
You take 13 damage, and have 24/37 hp.
MASSIVE DAMAGE!!
You slash the ogre! The ogre hits you but does no damage.
You slash the ogre!
The ogre hits you with a giant spiked club!
* * * LOW HITPOINT WARNING * * *
You are too injured to fight recklessly!
You take 15 damage, and have 9/37 hp.
MASSIVE DAMAGE!!
The worker ant bites you but does no damage.
You slash the worker ant!
The worker ant bites you but does no damage.
You closely miss the ogre. You hit the worker ant.
The ogre hits you with a giant spiked club!!
Ouch! That really hurt!
You die...

..###########
..#.........#
............############
........................
#................#......
##..........####...###
##.........# #.....#
##..##.#### #...#.#
##.##... #@a.# #
#.##.##. #.O...# #.....
.. ......... #.##.#
............ #..
####..###... #.. ....
... .. ..... .. ....#


You could see an ogre and a worker ant.

Vanquished Creatures
  Sigmund (D:2)
  A sky beast (D:3)
  Terence (D:2)
  A worker ant (D:4)
  4 adders (D:2)
  An ooze (D:2)
  3 worms
  A leopard gecko (D:1)
  An orc (D:3)
  A ball python (D:4)
  A bat (D:3)
  3 giant cockroaches
  9 goblins
  6 hobgoblins
  2 quokkas
  A frilled lizard (D:1)
  A jackal skeleton (D:4)
  7 kobolds
  6 rats (D:2)
51 creatures vanquished.

Vanquished Creatures (others)
  4 toadstools (D:1)
4 creatures vanquished.

Grand Total: 55 creatures vanquished

Notes
Turn   | Place    | Note
-------+----------+-------------------------------------------
     0 | D:1      | shakethe the Gargoyle Fighter began the quest for the Orb.
     0 | D:1      | Reached XP level 1. HP: 14/14 MP: 1/1
    20 | D:1      | Reached skill level 2 in Axes
   202 | D:1      | Reached XP level 2. HP: 15/19 MP: 2/2
   735 | D:2      | Reached skill level 3 in Axes
   735 | D:2      | Reached XP level 3. HP: 20/23 MP: 3/3
  1001 | D:2      | Noticed Sigmund
  1008 | D:2      | HP: 5/23 [Sigmund/magic dart (9)]
  1042 | D:2      | HP: 5/23 [Sigmund/magic dart (3)]
  1353 | D:2      | Killed Sigmund
  1353 | D:2      | Reached skill level 4 in Axes
  1353 | D:2      | Reached skill level 1 in Dodging
  1353 | D:2      | Reached XP level 4. HP: 25/28 MP: 4/4
  1353 | D:2      | Reached XP level 5. HP: 29/32 MP: 5/5
  1423 | D:2      | Reached skill level 5 in Axes
  1441 | D:2      | Reached XP level 6. HP: 32/37 MP: 6/6
  1515 | D:2      | Noticed Terence
  1537 | D:2      | Killed Terence
  1703 | D:3      | Noticed a sky beast
  1732 | D:3      | Killed a sky beast
  2182 | D:3      | Found a deep blue altar of Sif Muna.
  2183 | D:3      | Found a burning altar of Makhleb.
  2631 | D:4      | Reached skill level 6 in Axes
  2650 | D:4      | Found an opulent altar of Gozag.
  2750 | D:4      | HP: 9/37 [ogre/giant spiked club (15)]
  2753 | D:4      | Mangled by an ogre

Skill      XL: |  1  2  3  4  5  6 |
---------------+-------------------+-----
Axes           | 2 3 4 5 6 |  6.0
Dodging        | 1 |  1.6
Fighting       | |  3.2
Armour         | |  3.2
Stealth        | |  0.1
Shields        | |  3.2

Action                   |  1- 3 |  4- 6 || total
-------------------------+-------+-------++-------
Melee: War axe           |   101 |   107 ||   208
  Use: Potion            |     1 |       ||     1
       Scroll            |       |     5 ||     5
  Eat: Ration            |     1 |     1 ||     2
       Chunk             |       |     1 ||     1
Armor: Scale mail        |    53 |    14 ||    67
       Chain mail        |       |    42 ||    42
       Skin              |       |    15 ||    15
Dodge: Dodged            |    30 |    26 ||    56
Block: Shield            |    54 |    46 ||   100

Vault maps used:
D:1:      ldierk_water_garden
D:2:      uniq_terence, uniq_sigmund
D:3:      gammafunk_temple_overflow_statue
D:4:      kennysheep_big_flooded_room, grunt_gozag_statues, first_ration,
          uniq_menkaure

Table legend:
 A = Turns spent in this place as a percentage of turns spent in the entire game.
 B = Non-inter-level travel turns spent in this place as a percentage of non-inter-level travel turns spent in the entire game.
 C = Inter-level travel turns spent in this place as a percentage of turns spent in this place.
 D = Turns resting spent in this place as a percentage of non-inter-level travel turns spent in this place.
 E = Turns spent auto-exploring this place as a percentage of non-inter-level travel turns spent in this place.
 F = Non-inter-level travel turns spent in this place divided by the number of levels of this place that you've seen.
                   A       B       C       D       E      F
               +-------+-------+-------+-------+-------+----------------------
         Total | 100.0 | 100.0 |   1.2 |  12.4 |  62.5 | 680.0
       Dungeon | 100.0 | 100.0 |   1.2 |  12.4 |  62.5 | 680.0
               +-------+-------+-------+-------+-------+----------------------

Table legend:
 A = Kills in this place as a percentage of kills in entire the game.
 B = Kills by you in this place as a percentage of kills by you in the entire game.
 C = Kills by friends in this place as a percentage of kills by friends in the entire game.
 D = Other kills in this place as a percentage of other kills in the entire game.
 E = Experience gained in this place as a percentage of experience gained in the entire game.
 F = Experience gained in this place divided by the number of levels of this place that you have seen.
                   A       B       C       D       E      F
               +-------+-------+-------+-------+-------+----------------------
         Total | 100.0 | 100.0 |   N/A |   N/A | 100.0 | 141.5
       Dungeon | 100.0 | 100.0 |   N/A |   N/A | 100.0 | 141.5
               +-------+-------+-------+-------+-------+----------------------
